 Dungeon Crawl Stone Soup version 0.20-a0-959-gdc9e609 (webtiles) character file.

305 4thArraOfDagon the Slasher (level 6, -12/47 HPs)
             Began as a Mummy Fighter on Apr 6, 2017.
             Mangled by Prince Ribbit (15 damage)
             ... on level 7 of the Dungeon.
             The game lasted 00:04:14 (1015 turns).

4thArraOfDagon the Slasher (Mummy Fighter)          Turns: 1015, Time: 00:04:15

Health: -12/47     AC: 11    Str: 20    XL:     6   Next: 15%
Magic:  6/6        EV:  7    Int:  9    God:
Gold:   41         SH:  0    Dex: 11    Spells: 5/5 levels left

rFire    x . .     SeeInvis .   g - +4 great sword (curse)
rCold    + . .     Gourm    .   (shield currently unavailable)
rNeg     + + +     Faith    .   c - +0 chain mail
rPois    ∞         Spirit   .   (no helmet)
rElec    .         Reflect  .   f - +2 cloak
rCorr    .         Harm     .   (no gloves)
MR       .....                  (no boots)
Stlth    ..........             (no amulet)
Regen    0.2/turn               (no ring)
MPRegen  0.1/turn               (no ring)

@: no status effects
A: no food or potions, fire vulnerability, cold resistance 1, negative energy
resistance 3, torment resistance, unbreathing
a: no special abilities


You were on level 7 of the Dungeon.
You were not hungry.

You visited 1 branch of the dungeon, and saw 5 of its levels.

You collected 41 gold pieces.

Inventory:

Hand Weapons
 a - a +0 long sword
 e - a +0 long sword
 g - a cursed +4 great sword (weapon)
Armour
 c - a +0 chain mail (worn)
 f - a +2 cloak (worn)
Wands
 b - a wand of flame (18/48)
 d - a wand of enslavement (0/24)


   Skills:
 - Level 3.0 Fighting
 * Level 5.4 Long Blades
 - Level 2.4 Armour
   Level 2.4 Shields


You had 5 spell levels left.
You didn't know any spells.

Dungeon Overview and Level Annotations

Branches:
Dungeon (7/15)
 Temple: D:4-7

Altars:
Dithmenos
Nemelex Xobeh
Wu Jian

Annotations:
D:7 Pikel, Prince Ribbit


Innate Abilities, Weirdness & Mutations

You do not eat or drink.
Your flesh is vulnerable to fire.
You are immune to poison.
Your flesh is cold resistant. (rC+)
You are immune to negative energy. (rN+++)
You are immune to unholy pain and torment.
You can survive without breathing.


Message History

You slice the leopard gecko!!
You kill the leopard gecko!
Pikel hits you but does no damage.
Unknown command.
Unknown command.
Unknown command.
Prince Ribbit blinks!
You see here a leopard gecko corpse.
Unknown command.
Unknown command.
Unknown command.
Unknown command.
Unknown command.
Unknown command.
Unknown command.
Prince Ribbit blinks!
Prince Ribbit hits you!
* * * LOW HITPOINT WARNING * * *
Unknown command.
Prince Ribbit hits you!
You die...

#.#
#.#####†###.#.##
#p# #.#
#......... #F#
#.# #.........
#.# #.#
#H###.#.## #.#
#.#####.....#
#F#
#.....p.....#
#.#
#.##.##.#####..
##.#
#.##..KF......#
#..#
#....@.####.#
#.## #.####.#
#.# .. ... #F#
## .### #.# .#
#.# .# #p# .#
#.# .# #.#


You could see a hippogriff, Prince Ribbit, Pikel and a slave.

Vanquished Creatures
  A scorpion (D:7)
  3 wights (D:6)
  2 howler monkeys (D:7)
  An adder (D:3)
  2 oozes
  3 leopard geckos
  A bat (D:3)
  A giant cockroach (D:1)
  A goblin (D:3)
  2 hobgoblins
  A ball python (D:3)
  3 frilled lizards
  2 rats (D:2)
23 creatures vanquished.

Vanquished Creatures (collateral kills)
  A wight (D:6)
1 creature vanquished.

Vanquished Creatures (others)
  A wight (D:6)
1 creature vanquished.

Grand Total: 25 creatures vanquished

Notes
Turn   | Place    | Note
-------+----------+-------------------------------------------
     0 | D:1      | 4thArraOfDagon the Mummy Fighter began the quest for the Orb.
     0 | D:1      | Reached XP level 1. HP: 18/18 MP: 1/1
    40 | D:1      | Reached skill level 2 in Long Blades
    78 | D:1      | Reached XP level 2. HP: 24/24 MP: 2/2
   226 | D:3      | Reached XP level 3. HP: 29/29 MP: 3/3
   246 | D:3      | You fall through a shaft for 3 floors!
   253 | D:6      | Reached skill level 3 in Long Blades
   309 | D:7      | Reached XP level 4. HP: 20/35 MP: 4/4
   314 | D:7      | Reached skill level 4 in Long Blades
   325 | D:7      | Noticed an ogre
   511 | D:6      | Reached XP level 5. HP: 35/41 MP: 5/5
   575 | D:6      | Found a sparkling altar of Nemelex Xobeh.
   620 | D:6      | Reached skill level 5 in Long Blades
   871 | D:6      | Found an ornate altar of the Wu Jian Council.
   896 | D:7      | Reached XP level 6. HP: 30/47 MP: 6/6
   949 | D:7      | Noticed a slave
   949 | D:7      | Found a shadowy altar of Dithmenos.
   949 | D:7      | Noticed Pikel
   949 | D:7      | Noticed Prince Ribbit
   950 | D:7      | Noticed a slave
   999 | D:7      | Noticed a hippogriff
  1015 | D:7      | Mangled by Prince Ribbit

Vault maps used:
D:1:      dpeg_arrival_tiny_j
D:2:      lemuel_crystal_altar, lemuel_coloured_pillars_altar
D:6:      nemelex_xobeh_ov_fountains_minmay, overflow_temple_1_default,
          serial_shops, shop, shop, kennysheep_mini, shop,
          nicolae_shop_waterfront, grunt_dithmenos_smoke_and_mirrors,
          uniq_blork_the_orc
D:7:      lemuel_crystal_altar, overflow_temple_1_default, uniq_pikel,
          uniq_crazy_yiuf_cottage, uniq_prince_ribbit1

Skill      XL: |  1  2  3  4  5 |
---------------+----------------+-----
Long Blades    | 2 3 4 5 |  5.4
Fighting       | |  3.0
Armour         | |  2.4
Shields        | |  2.4

Action                   |  1- 3 |  4- 6 || total
-------------------------+-------+-------++-------
Melee: Long sword        |    42 |    24 ||    66
       Great sword       |       |     2 ||     2
Evoke: Wand              |       |    10 ||    10
  Use: Scroll            |     3 |     3 ||     6
Armor: Chain mail        |    21 |    14 ||    35
Dodge: Dodged            |    16 |     9 ||    25
       Rpst.: Long sword |     4 |     2 ||     6
       Great sword       |       |     1 ||     1
